 Dungeon Crawl Stone Soup version 0.31-a0-826-ga5cc291a1b (webtiles) character file.

Game seed: 1070316452207832734

336 qw the Shooter (level 6, 0/39 HPs)
             Began as a Gargoyle Hunter on Sept 23, 2023.
             Was an Initiate of Okawaru.
             Slain by a sleepcap (7 damage)
             ... on level 4 of the Dungeon.
             The game lasted 00:01:01 (2766 turns).

qw the Shooter (Gargoyle Hunter)                    Turns: 2766, Time: 00:01:02

Health: 0/39       AC: 11    Str: 15    XL:     6   Next: 54%
Magic:  6/6        EV: 11    Int:  9    God:    Okawaru [......]
Gold:   166        SH:  0    Dex: 15    Spells: 5/5 levels left

rFire   . . .        Y - +1 shortbow
rCold   + . .        (shield currently unavailable)
rNeg    + . .        a - +2 leather armour {rC+}
rPois   inf          (no helmet)
rElec   +            i - +1 cloak {rCorr}
rCorr   +            (no gloves)
SInv    .            (no boots)
Will    .....        (no amulet)
Stlth   ++           (no ring)
HPRegen 0.26/turn    (no ring)
MPRegen 0.10/turn

%: no passive effects
@: about to teleport
A: sickness immunity, AC +4, negative energy resistance 1, electricity
resistance, torment resistance 1, petrification resistance
a: Renounce Religion


You were on level 4 of the Dungeon.
You worshipped Okawaru.
Okawaru was noncommittal.
You visited 2 branches of the dungeon, and saw 5 of its levels.

You collected 166 gold pieces.


Innate Abilities, Weirdness & Mutations

You are immune to sickness and miasma.
Your stone body is resilient. (AC +4)
You are immune to poison.
You resist negative energy. (rN+)
You are resistant to electric shocks. (rElec)
You are resistant to unholy torment.
You are immune to petrification.


   Skills:
 - Level 4.4 Fighting
 + Level 6.4 Ranged Weapons
 - Level 1.5 Armour
 - Level 1.5 Dodging
 - Level 1.1 Stealth


You had 5 spell levels left.
You didn't know any spells.
Your spell library was empty.

Inventory:

Hand Weapons
 Y - a +1 shortbow (weapon)
Armour
 a - a +2 leather armour of cold resistance (worn)
 i - a +1 cloak of preservation (worn)
Jewellery
 e - an amulet of magic regeneration
Scrolls
 h - a scroll of identify
Potions
 c - a potion of brilliance {unknown}
 d - a potion of enlightenment
 f - 2 potions of curing
 j - a potion of haste {unknown}

Dungeon Overview and Level Annotations

Branches:
Dungeon (4/15)             Temple (1/1) D:4

Altars:
Cheibriados
Dithmenos
Elyvilon
Fedhas
Gozag
Hepliaklqana
Kikubaaqudgha
Makhleb
Nemelex Xobeh
Okawaru
Qazlal
Ru
Sif Muna
Trog
Vehumet
Wu Jian
Xom
Zin
The Shining One


Message History

You shoot an arrow.
The arrow hits the sleepcap but does no damage.
The sleepcap is lightly damaged.
The sleepcap releases spores at you.
You shoot an arrow.
The arrow hits the sleepcap but does no damage.
The sleepcap is lightly damaged.
The sleepcap closely misses you.
You shoot an arrow.
The arrow hits the sleepcap but does no damage.
The sleepcap is lightly damaged.
The sleepcap releases spores at you but does no damage.
You shoot an arrow.
The arrow hits the sleepcap but does no damage.
The sleepcap is lightly damaged.
The sleepcap releases spores at you.
You shoot an arrow. The arrow hits the sleepcap.
The sleepcap is lightly damaged.
The sleepcap barely misses you.
You shoot an arrow. The arrow hits the sleepcap.
The sleepcap is moderately damaged.
The sleepcap releases spores at you.
You shoot an arrow.
The arrow hits the sleepcap but does no damage.
The sleepcap is moderately damaged.
The sleepcap releases spores at you!
You shoot an arrow. The arrow hits the sleepcap.
The sleepcap is heavily damaged.
The sleepcap releases spores at you!
2764 ||| READING scroll of teleportation.
As you read the scroll of teleportation, it crumbles to dust.
You feel strangely unstable. The sleepcap releases spores at you.
You shoot an arrow. The arrow hits the sleepcap.
The sleepcap is heavily damaged.
The sleepcap barely misses you. The sleepcap closely misses you.
You shoot an arrow. The arrow hits the sleepcap.
The sleepcap is severely damaged.
The sleepcap releases spores at you!
You die...

#.# #...###...### ...
#.##..+...'.# ..
#.....#####.# # #.
##..#..###(... ##.
#.##........'.... #.."
###.........###....
#...#.##[.##......###.#
#........###.##<.#.+.#
##...@...# #.# .#..###
###.%f.## #.# .#.....
#$...## ... .......
##.... ... ##.....
...... ..... ........
..... #..####... ...#.
### #... . #. .##


You could see a sleepcap.

Vanquished Creatures
  A phantom (D:4)
  2 scorpions (D:4)
  2 iguanas (D:4)
  An adder (D:3)
  2 worms
  2 dart slugs
  An orc (D:3)
  9 ball pythons
  8 endoplasms
  3 giant cockroaches
  6 goblins
  5 hobgoblins
  4 jackals (D:3)
  2 quokkas
  6 bats
  6 frilled lizards
  6 kobolds
  3 rats
69 creatures vanquished.

Notes
Turn   | Place    | Note
-------+----------+-------------------------------------------
     0 | D:1      | qw the Gargoyle Hunter began the quest for the Orb.
     0 | D:1      | Reached XP level 1. HP: 12/12 MP: 1/1
     0 | D:1      | 0 ||| qw: Version: 0.3-a-83-gcd0e7d8
     0 | D:1      | 0 ||| qw: Game counter: 1859
     0 | D:1      | 0 ||| qw: Melee chars always use a shield: true
     0 | D:1      | 0 ||| qw: God list: Okawaru
     0 | D:1      | 0 ||| qw: Allow faded altars: false
     0 | D:1      | 0 ||| qw: Do Orc after clearing Dungeon:15 true
     0 | D:1      | 0 ||| qw: Do second Lair branch before Depths: true
     0 | D:1      | 0 ||| qw: Lair rune preference: random
     0 | D:1      | 0 ||| qw: Goals: Normal
     0 | D:1      | 0 ||| PLANNING D:1-11
   123 | D:1      | Reached XP level 2. HP: 17/17 MP: 2/2
   483 | D:1      | Reached XP level 3. HP: 21/21 MP: 3/3
   699 | D:1      | Reached skill level 5 in Ranged Weapons
   799 | D:1      | 799 ||| UPGRADING to +1 cloak of preservation.
   804 | D:1      | 804 ||| READING 4 scrolls labelled UDORHEUNOY.
   805 | D:1      | 805 ||| READING scroll labelled LUOSUGH VUAJU.
   806 | D:1      | 806 ||| READING scroll labelled KITEED XIUL.
   809 | D:1      | 809 ||| DROPPING 3 scrolls of poison.
   810 | D:1      | 810 ||| DROPPING scroll of butterflies.
   857 | D:2      | 857 ||| STAIRDANCE
  1351 | D:2      | Reached skill level 3 in Fighting
  1542 | D:2      | 1542 ||| UPGRADING to +2 leather armour of cold resistance.
  1552 | D:2      | 1552 ||| DROPPING +0 leather armour.
  1553 | D:2      | 1553 ||| READING scroll labelled DOZAAVV KAEBB.
  1554 | D:2      | 1554 ||| READING 4 scrolls labelled DASOIN CYCOCW.
  1555 | D:2      | 1555 ||| READING scroll labelled XOGORI UGUG.
  1556 | D:2      | 1556 ||| DRINKING 3 fizzy black potions.
  1557 | D:2      | 1557 ||| READING 3 scrolls of identify.
  1557 | D:2      | 1557 ||| IDENTIFYING ruby potion
  1558 | D:2      | 1558 ||| READING 2 scrolls of identify.
  1558 | D:2      | 1558 ||| IDENTIFYING black potion
  1559 | D:2      | 1559 ||| DROPPING potion of degeneration.
  1603 | D:3      | 1603 ||| STAIRDANCE
  1823 | D:3      | Reached XP level 4. HP: 28/28 MP: 4/4
  2348 | D:3      | 2348 ||| READING scroll labelled FERRUA FEMIUKIME.
  2438 | D:4      | Found a staircase to the Ecumenical Temple.
  2439 | D:4      | 2439 ||| PLANNING TEMPLE
  2447 | Temple   | Entered the Ecumenical Temple
  2448 | Temple   | 2448 ||| PLANNING OKAWARU WORSHIP
  2462 | Temple   | Became a worshipper of Warmaster Okawaru
  2463 | Temple   | 2463 ||| PLANNING D:1-11
  2512 | D:4      | Noticed a scorpion
  2523 | D:4      | Killed a scorpion
  2524 | D:4      | Reached skill level 6 in Ranged Weapons
  2524 | D:4      | Reached XP level 5. HP: 31/32 MP: 5/5
  2584 | D:4      | Reached skill level 1 in Armour
  2632 | D:4      | Noticed a phantom
  2652 | D:4      | Killed a phantom
  2653 | D:4      | Reached XP level 6. HP: 33/39 MP: 6/6
  2763 | D:4      | HP: 7/39 [sleepcap (7)]
  2764 | D:4      | 2764 ||| READING scroll of teleportation.
  2766 | D:4      | Slain by a sleepcap

Levels and vault maps discovered:
D:1:      psy_arrival_conway, layout_loops_corners
D:2:      layout_loops_ring, nrook_loot_triangle, lightli_corner_chamber
D:3:      layout_basic
D:4:      nicolae_cairo_tiling_large, layout_cave_pools,
          minmay_temple_entry_wispy, mrwooster_statue_mirror
Temple:   nicolae_temple_bog_church

Skill      XL: |  1  2  3  4  5 |
---------------+----------------+-----
Ranged Weapons | 5 6 |  6.4
Fighting       | 3 4 |  4.4
Armour         | 1 |  1.5
Dodging        | |  1.5
Stealth        | |  1.1

Action                     |  1- 3 |  4- 6 || total
---------------------------+-------+-------++-------
   Fire: Shortbow          |   116 |   117 ||   233
    Use: Scroll            |     8 |     2 ||    10
         Potion            |     1 |       ||     1
 Armour: Leather armour    |    26 |    39 ||    65
  Dodge: Dodged            |    29 |    47 ||    76

Table legend:
 A = Non-vault XP
 B = Vault XP
 C = Vault XP percentage of total XP
 D = Non-vault monster count
 E = Vault monster count
 F = Vault count percentage of total count
                 A         B        C        D         E       F
            +---------+---------+-------+---------+---------+-------
      Total |     481 |       0 |   0.0 |      69 |       0 |   0.0
            +---------+---------+-------+---------+---------+-------
        D:1 |      40 |       0 |   0.0 |      22 |       0 |   0.0
        D:2 |      34 |       0 |   0.0 |      19 |       0 |   0.0
        D:3 |      42 |       0 |   0.0 |      15 |       0 |   0.0
        D:4 |     365 |       0 |   0.0 |      13 |       0 |   0.0
            +---------+---------+-------+---------+---------+-------
